 Dungeon Crawl Stone Soup version 0.29.0-7-g18a832c13a (webtiles) character file.

Game seed: 7985528627332001717

11545 gelatine the Cruncher (level 11, -2/92 HPs)
             Began as a Palentonga Gladiator on Aug 31, 2022.
             Was an Elder of Qazlal.
             Succumbed to an orc knight's poison
             ... on level 10 of the Dungeon.
             The game lasted 00:51:39 (12568 turns).

gelatine the Cruncher (Palentonga Gladiator)       Turns: 12568, Time: 00:51:40

Health: -2/92      AC: 16    Str: 19    XL:     11   Next: 50%
Magic:  14/14      EV: 17    Int: 10    God:    Qazlal [****..]
Gold:   758        SH:  5    Dex: 19    Spells: 13/14 levels left

rFire   + . .      SeeInvis +   r - +4 quarterstaff (chaos)
rCold   . . .      Faith    .   (shield currently unavailable)
rNeg    . . .      Spirit   .   Q - +3 leather armour {rF+}
rPois   .          Reflect  .   c - +0 helmet
rElec   .          Harm     .   s - +0 cloak
rCorr   .          Rampage  .   n - +1 pair of gloves
Will    .....                   (no barding)
Stlth   ++........              (no amulet)
HPRegen 0.25/turn               h - +4 ring of protection
MPRegen 0.14/turn               P - +4 ring of evasion

@: lethally poisoned (-2 -> -20), repel missiles
A: large, rugged brown scales 3, see invisible, deformed body, roll 1, armoured
tail, reflexive curl, agile 2
a: Rolling Charge, Renounce Religion, Upheaval, Elemental Force


You were on level 10 of the Dungeon.
You worshipped Qazlal.
Qazlal was greatly pleased with you.
You visited 2 branches of the dungeon, and saw 11 of its levels.
You also visited: Bailey.

You collected 758 gold pieces.

Inventory:

Hand Weapons
 e - a +2 vorpal trident
 r - a +4 quarterstaff of chaos (weapon)
 H - a +5 scimitar
Missiles
 b - 4 curare-tipped darts
 d - 11 throwing nets
 C - 4 javelins
 K - 7 poisoned darts
 U - 11 boomerangs
Armour
 c - a +0 helmet (worn)
 k - a +0 kite shield
 n - a +1 pair of gloves (worn)
 s - a +0 cloak (worn)
 y - +0 steam dragon scales
 I - a +0 leather armour of poison resistance
 Q - a +3 leather armour of fire resistance (worn)
Magical Staves
 V - a staff of conjuration
Jewellery
 h - a +4 ring of protection (left hand)
 t - a ring of protection from fire
 G - a ring of wizardry
 J - a ring of flight
 L - a ring of positive energy
 M - a ring of protection from cold
 P - a +4 ring of evasion (right hand)
Wands
 i - a wand of flame (30)
 x - a wand of polymorph (7)
Scrolls
 a - 2 scrolls of fog
 f - 3 scrolls of noise
 g - 3 scrolls of magic mapping
 j - 2 scrolls of amnesia
 l - 5 scrolls of immolation
 m - 4 scrolls of vulnerability
 p - 6 scrolls of teleportation
 N - a scroll of blinking {unknown}
 O - a scroll of identify
 S - 3 scrolls of summoning {unknown}
 T - 2 scrolls of fear
Potions
 o - 4 potions of mutation
 u - a potion of attraction {unknown}
 v - 2 potions of lignification
 w - 2 potions of heal wounds
 z - 2 potions of flight {unknown}
 A - a potion of berserk rage {unknown}
 B - 2 potions of haste
 D - 3 potions of cancellation {unknown}
 E - 2 potions of resistance
 F - 6 potions of might {unknown}
 R - a potion of experience
Miscellaneous
 W - a box of beasts


   Skills:
 + Level 8.0 Fighting
 + Level 4.6 Axes
 + Level 11.7 Staves
 + Level 2.4 Throwing
 + Level 3.2 Armour
 + Level 6.5 Dodging
 + Level 3.3 Stealth
 + Level 2.0 Shields
 + Level 2.1 Spellcasting
 + Level 1.8 Ice Magic
 + Level 2.7 Invocations
 + Level 1.0 Evocations


You had 13 spell levels left.
You knew the following spells:

 Your Spells              Type           Power      Damage    Failure   Level
a - Freeze                Ice            16%        1d4       17%         1

Your spell library contained the following spells:

 Spells                   Type           Power      Damage    Failure   Level
 Slow                     Hex            4%         N/A       36%         1
 Summon Small Mammal      Summ           4%         N/A       36%         1
 Ensorcelled Hibernation  Hex/Ice        4%         N/A       36%         2
 Frozen Ramparts          Ice            8%         1d2       45%         3
 Ozocubu's Armour         Ice            4%         N/A       45%         3
 Call Canine Familiar     Summ           1%         N/A       73%         3
 Confusing Touch          Hex            1%         N/A       73%         3
 Dazzling Flash           Conj/Hex       2%         N/A       73%         3
 Spider Form              Tmut/Pois      1%         N/A       73%         3
 Summon Guardian Golem    Hex/Summ       1%         N/A       73%         3
 Vampiric Draining        Necr           1%         2d6       73%         3
 Hailstorm                Conj/Ice       2%         3d3       94%         4
 Anguish                  Hex/Necr       0%         N/A       98%         4
 Animate Armour           Summ/Erth      2%         N/A       98%         4
 Agony                    Necr           1%         N/A       100%        5
 Irradiate                Conj/Tmut      0%         3d11      100%        5
 Metabolic Englaciation   Hex/Ice        1%         N/A       100%        5
 Silence                  Hex/Air        0%         N/A       100%        5
 Simulacrum               Ice/Necr       1%         N/A       100%        6
 Enfeeble                 Hex            0%         N/A       100%        7


Dungeon Overview and Level Annotations

Branches:
Dungeon (10/15)            Temple (1/1) D:5          Bailey (visited)
   Lair: D:8-11         Orc: D:9-12

Altars:
Ashenzari
Cheibriados
Dithmenos
Elyvilon
Fedhas
Gozag
Hepliaklqana
Kikubaaqudgha
Makhleb
Nemelex Xobeh
Okawaru
Qazlal
Ru
Sif Muna
Trog
Vehumet
Wu Jian
Xom
Yredelemnul
Zin
The Shining One

Shops:
D:2 ((   D:6 (

Annotations:
D:3 2 transporters, Adrian566's ghost, amateur DsFi
D:4 1 runed translucent door


Innate Abilities, Weirdness & Mutations

You are completely covered in rugged brown scales. (AC +3, +7% HP)
You have supernaturally acute eyesight. (SInv)
Armour fits poorly on your strangely shaped body.
You can roll at nearby foes to attack.
You have a long armoured tail.
You curl defensively after being hit. (AC +7*)
You are very agile. (Dex +8, Str/Int -2)


Message History

You feel sick. The hornet stings you.
You feel yourself slow down. The orc knight closely misses you.
The orc wizard casts a spell at you.
You are confused.
You hit the orc wizard.
You kill the orc wizard!
Qazlal accepts your kill.
You feel yourself speed up.
You feel sick. The hornet barely misses you.
A wraith comes into view.
The orc knight hits you from afar with a +2 halberd of venom!!
You hit the wraith but do no damage.
You tail-slap the wraith, but do no damage.
You feel sick.
You hear two shouts!
The hornet stings you.
You feel yourself slow down.
You bump into the stone wall.
You feel sick. The hornet completely misses you.
The orc knight hits you from afar with a +2 halberd of venom!!
* * * LOW HITPOINT WARNING * * *
You are lethally poisoned!
The wraith closely misses you. The hornet closely misses you.
The orc knight hits you but does no damage.
The wraith completely misses you. The hornet stings you.
* * * LOW HITPOINT WARNING * * *
You feel as though you will be slow longer.
You feel better.
You feel yourself speed up. The hornet completely misses you.
The wraith closely misses you.
The orc knight hits you from afar with a +2 halberd of venom!!
* * * LOW HITPOINT WARNING * * *
You are lethally poisoned!
The hornet closely misses you.
Read: 3 scrolls of fear
Press: ? - help, Q - select action, (/) - cycle Dir - look around, f - activate Look: a hornet (chance to affect: 94%)
As you read the scroll of fear, it crumbles to dust.
You assume a fearsome visage.
The orc knight looks frightened!
The hornet looks frightened!
The wraith is unaffected.
You die...

#.#..###..#.# ......
.....# #. #.##.# #..#.#
#.#. #.##[# #.... #.#.#
#.##)# #..#<# #.#.#
####.##[###..#.# #.#.#
<.......)).....# #o#.#
####.#..####.#.##y#.#
........##.....#@#.#
~~~~~~~.##.#.#.##W#
~##.##~.##.#.#.#.#.#
#...#≈.##.#...)##########
#.∩.#~............)......
#...#~.##.###.######.####
#####~..#.# #.# ~~~..#.#
#.# ......#.# #.#


You could see an orc knight (fleeing), a hornet (fleeing) and a wraith.

Vanquished Creatures
  2 two-headed ogres
  An ugly thing (D:10)
  A cyclops (D:9)
  Psyche (D:9)
  A troll (D:9)
  4 slime creatures (D:8)
  A shadow (D:10)
  A vampire (D:10)
  3 yaks (D:9)
  3 wyverns
  Eustachio (D:5)
  3 steam dragons
  Menkaure (D:4)
  A warg (D:6)
  An acid dragon (D:9)
  2 water moccasins
  4 ice beasts
  3 orc warriors
  A black bear (D:6)
  6 sky beasts
  A wolf (D:6)
  An ogre (D:6)
  2 centaurs
  A phantom (D:6)
  A necrophage (D:7)
  3 bullfrogs
  5 gnoll sergeants
  3 scorpions
  5 wights (D:8)
  22 killer bees
  An electric eel (D:6)
  2 howler monkeys
  A crimson imp (D:8)
  Crazy Yiuf (D:2)
  2 orc priests
  4 gnoll boudas (D:6)
  15 hounds
  2 jellies
  Ijyb (D:4)
  4 iguanas
  Natasha (thrice) (D:3)
  7 orc wizards
  38 gnolls
  8 adders
  2 white imps
  A worm (D:3)
  29 orcs
  17 ball pythons
  3 bats
  6 endoplasms
  2 giant cockroaches
  23 goblins
  13 hobgoblins
  14 jackals
  8 quokkas
  A frilled lizard (D:2)
  15 kobolds
  5 rats
313 creatures vanquished.

Vanquished Creatures (others)
  A bullfrog (D:6)
  A hound (D:6)
  3 gnolls (D:6)
  2 plants (D:3)
7 creatures vanquished.

Grand Total: 320 creatures vanquished

Notes
Turn   | Place    | Note
-------+----------+-------------------------------------------
     0 | D:1      | gelatine the Palentonga Gladiator began the quest for the
                  | Orb.
     0 | D:1      | Reached XP level 1. HP: 17/17 MP: 1/1
    95 | D:1      | Reached XP level 2. HP: 21/23 MP: 2/2
   753 | D:1      | Reached XP level 3. HP: 28/28 MP: 3/3
   966 | D:2      | Found a basalt altar of Yredelemnul.
   979 | D:2      | Got the Grimoire of Inconstant Earth
  1016 | D:2      | Found Uhepteg's Antique Weapon Emporium.
  1117 | D:2      | Found a runed translucent door.
  1118 | D:2      | Noticed Crazy Yiuf
  1127 | D:2      | Killed Crazy Yiuf
  1128 | D:2      | Reached XP level 4. HP: 24/35 MP: 4/4
  1596 | D:2      | Found a faded altar of an unknown god.
  1894 | D:2      | Found Femoemid's Antique Weapon Shoppe.
  1963 | D:3      | Noticed a scorpion
  1964 | D:3      | Killed a scorpion
  1965 | D:3      | Reached skill level 1 in Staves
  1965 | D:3      | Reached XP level 5. HP: 41/41 MP: 5/5
  2025 | D:3      | Found a transporter.
  2026 | D:3      | Found a transporter.
  2026 | D:3      | Noticed Adrian566's ghost (amateur DsFi)
  2202 | D:3      | Noticed Natasha
  2204 | D:3      | Killed Natasha
  2278 | D:3      | You fall into a shaft and drop 1 floor!
  2286 | D:4      | Found a runed translucent door.
  2286 | D:4      | Noticed a human
  2300 | D:4      | Noticed Menkaure
  2307 | D:4      | Found a basalt altar of Yredelemnul.
  2309 | D:4      | Gained mutation: You are agile. (Dex +4, Str/Int -1)
                  | [potion of mutation]
  2309 | D:4      | Gained mutation: You are very agile. (Dex +8, Str/Int -2)
                  | [potion of mutation]
  2614 | D:4      | Reached skill level 2 in Staves
  2620 | D:4      | Reached XP level 6. HP: 47/49 MP: 6/6
  2798 | D:3      | Found an ornate altar of the Wu Jian Council.
  2908 | D:3      | Noticed Natasha
  2912 | D:3      | Killed Natasha
  3087 | D:3      | Found a glowing golden altar of the Shining One.
  3345 | D:4      | Noticed Ijyb
  3366 | D:3      | Noticed Natasha
  3371 | D:3      | Killed Natasha
  3456 | D:4      | Killed Ijyb
  3457 | D:4      | Reached skill level 3 in Staves
  3659 | D:4      | Killed Menkaure
  3660 | D:4      | Gained mutation: You curl defensively after being hit. (AC
                  | +7*) [Palentonga growth]
  3660 | D:4      | Reached XP level 7. HP: 55/55 MP: 7/7
  3719 | D:4      | Found an opulent altar of Gozag.
  3720 | D:4      | Found an ancient bone altar of Kikubaaqudgha.
  3981 | D:5      | Entered Level 5 of the Dungeon
  4027 | D:5      | Reached skill level 4 in Staves
  4154 | D:5      | Found a staircase to the Ecumenical Temple.
  4160 | D:5      | Noticed Eustachio
  4178 | D:5      | Killed Eustachio
  4376 | Temple   | Entered the Ecumenical Temple
  4439 | Temple   | Became a worshipper of Qazlal Stormbringer
  4471 | D:5      | Reached skill level 5 in Staves
  4582 | D:5      | Found a burning altar of Makhleb.
  4936 | D:6      | Reached skill level 1 in Armour
  4979 | D:6      | Reached skill level 1 in Stealth
  4979 | D:6      | Reached XP level 8. HP: 6/64 MP: 8/8
  5014 | D:6      | Reached skill level 6 in Staves
  5395 | D:6      | Found Nyce Satz's Weapon Shoppe.
  5423 | D:6      | Learned a level 1 spell: Freeze
  5614 | D:6      | Reached skill level 7 in Staves
  5632 | D:6      | Reached * piety under Qazlal
  5932 | D:6      | HP: 3/65 [gnoll/+0 spear (4)]
  6944 | D:6      | Found a shimmering blue altar of Sif Muna.
  7064 | D:6      | Reached XP level 9. HP: 64/70 MP: 9/9
  7203 | D:6      | Reached skill level 5 in Fighting
  7505 | D:6      | Reached skill level 1 in Shields
  7547 | D:6      | Reached skill level 8 in Staves
  7630 | D:6      | Reached skill level 5 in Dodging
  8251 | D:7      | Reached ** piety under Qazlal
  8916 | D:7      | Found a sacrificial altar of Ru.
  8927 | D:7      | Reached skill level 9 in Staves
  9216 | D:8      | Reached XP level 10. HP: 73/82 MP: 10/10
  9429 | D:8      | Reached skill level 1 in Invocations
  9462 | D:8      | Reached skill level 1 in Spellcasting
  9478 | D:8      | Reached skill level 1 in Ice Magic
  9655 | D:8      | Found a blossoming altar of Fedhas.
  9861 | D:8      | Noticed a two-headed ogre
  9864 | D:8      | Killed a two-headed ogre
 10399 | D:9      | Noticed a cyclops
 10405 | D:9      | Killed a cyclops
 10406 | D:9      | Reached skill level 10 in Staves
 10452 | D:9      | Reached *** piety under Qazlal
 10999 | D:9      | Noticed Psyche
 11009 | D:9      | Killed Psyche
 11017 | D:9      | Reached XP level 11. HP: 25/89 MP: 7/14
 11787 | D:9      | Reached skill level 11 in Staves
 11884 | D:10     | Entered Level 10 of the Dungeon
 11888 | D:10     | Found a flagged portal.
 11931 | Bailey   | Entered a bailey
 11944 | Bailey   | Noticed an orc warlord
 12133 | Bailey   | Found a runed translucent gate.
 12133 | Bailey   | Found a runed translucent gate.
 12133 | Bailey   | Found a runed translucent gate.
 12360 | Bailey   | Banished an orc warlord
 12521 | D:10     | Noticed a two-headed ogre
 12527 | D:10     | Killed a two-headed ogre
 12528 | D:10     | Reached skill level 1 in Evocations
 12545 | D:10     | Noticed a purple ugly thing
 12556 | D:10     | Killed a purple ugly thing
 12556 | D:10     | Reached **** piety under Qazlal
 12560 | D:10     | Noticed an orc knight
 12567 | D:10     | HP: 2/92 [orc knight/+2 halberd of venom (25)]
 12568 | D:10     | Succumbed to an orc knight's poison

Illustrated notes

Levels and vault maps discovered:
D:1:      nagdon_arrival_zigzag_paths, layout_loops_ring,
          dreamdust_princess_bridge, minmay_cupped
D:2:      layout_basic, hellmonk_ecumenical_altar_leap_of_faith, basic_altar,
          serial_shops, shop, nicolae_lakefront_shop, uniq_crazy_yiuf_cottage
D:3:      cheibrodos_old_hovel, layout_basic, nicolae_tso_swordbearing_angel,
          general_overflow_altar, gammafunk_ghost_arena, minmay_snake_closets,
          uniq_natasha
D:4:      layout_basic, chequers_temple_overflow_statue_of_worship,
          dk_yredelemnul_ordeal, uniq_menkaure, uniq_ijyb
D:5:      layout_loops_cross, bloody_makhleb,
          minmay_temple_entry_statues_fountains, st_stairs_1,
          palyth_stone_intersect, chequers_garden, kennysheep_generic_room_6,
          uniq_eustachio
D:6:      layout_cave_pools, mainiacjoe_overflow_surrounded_room,
          serial_gnoll_camp, gnoll_camp_huts_moat, gnoll_camp_mini_hut,
          gnoll_camp_medium_01, gnoll_camp_mini_doghouse, gnoll_camp_mini_hut,
          gnoll_camp_mini_loothouse, serial_shops,
          nicolae_shop_bloodbath_and_beyond, grunt_ministairs_13
D:7:      layout_loops_cross, mainiacjoe_overflow_chevrons
D:8:      layout_cave_pools, fedhas_altar_3, minmay_fire_ice_demons
D:9:      layout_long_grid, hangedman_misty_isle, uniq_psyche
D:10:     minmay_imperfect_grid, layout_basic, nicolae_uskayaw_suspiria,
          enter_bailey_3, minmay_between, uniq_lodul
Temple:   nicolae_temple_x_marks_the_god

Skill      XL: |  1  2  3  4  5  6  7  8  9 10 11 |
---------------+----------------------------------+-----
Dodging        | 3 4 5 6 |  6.5
Axes           | 4 |  4.6
Staves         | 1 2 3 5 7 9 10 11 | 11.7
Fighting       | 3 4 6 7 8 |  8.0
Armour         | 1 2 3 |  3.2
Stealth        | 1 2 3 |  3.3
Throwing       | 2 |  2.4
Shields        | 1 2 |  2.0
Invocations    | 2 |  2.7
Spellcasting   | 2 |  2.1
Ice Magic      | 1 |  1.8
Evocations     | 1 |  1.0

Action                   |  1- 3 |  4- 6 |  7- 9 | 10-12 || total
-------------------------+-------+-------+-------+-------++-------
Melee: War axe           |    66 |       |       |       ||    66
       Tailslap          |     8 |     5 |    47 |    47 ||   107
       Quarterstaff      |       |   128 |   321 |   290 ||   739
       Unarmed           |       |     1 |       |       ||     1
Throw: Throwing net      |     1 |       |       |     2 ||     3
       Dart              |       |       |     2 |     3 ||     5
       Javelin           |       |       |     1 |       ||     1
       Boomerang         |       |       |       |     1 ||     1
Invok: Upheaval          |       |       |       |     2 ||     2
 Abil: Rolling Charge    |    24 |    48 |    61 |    46 ||   179
Evoke: Wand              |       |     7 |     1 |     2 ||    10
  Use: Scroll            |       |     6 |    10 |     4 ||    20
       Potion            |       |     2 |     4 |     2 ||     8
 Stab: Paralysed         |       |       |     3 |       ||     3
       Confused          |       |       |       |     3 ||     3
       Held in net/web   |       |       |       |     2 ||     2
Armor: Leather armour    |     4 |       |   103 |    41 ||   148
       Robe              |    14 |    35 |       |       ||    49
       Steam dragon scal |       |       |     1 |    38 ||    39
Dodge: Dodged            |    25 |    68 |   357 |   222 ||   672
Block: Other             |       |       |    21 |    28 ||    49
